[Event "11th LCC FIDE Open 2019"]
[Site "London"]
[Date "2019.12.01"]
[Round "4.23"]
[White "Pollack, Oscar"]
[Black "Wu, Li"]
[Result "0-1"]
[ECO "B67"]
[WhiteElo "2112"]
[BlackElo "2293"]
[Annotator "ChessBase"]
[PlyCount "90"]
[EventDate "2019.11.29"]
[EventType "swiss"]
[EventCountry "ENG"]
[SourceTitle "playchess.com"]
[Source "ChessBase"]
[SourceQuality "1"]
[TimeControl "40/5400+30:1800+30"]

1. e4 c5 2. Nf3 d6 3. d4 cxd4 4. Nxd4 Nf6 5. Nc3 Nc6 6. Bg5 e6 7. Qd2 a6 8. O-O-O Bd7 9. f3 b5 10. Nxc6 Bxc6 11. Qe1 h6 12. Bf4 Qb8 13. Nd5 Bxd5 14. exd5 e5 15. Be3 Be7 16. Qg3 g6 17. Qe1 Kf8 18. h4 Kg7 19. f4 Nd7 20. h5 Bf6 21. hxg6 fxg6 22. fxe5 Nxe5 23. Bd4 Qc8 24. Bxe5 Bxe5 25. Bd3 Qg4 26. Qe4 Qxe4 27. Bxe4 b4 28. Rd3 a5 29. a4 bxa3 30. Rxa3 Rhb8 31. c3 Rb5 32. Kc2 Rab8 33. b3 Rc5 34. c4 Rf8 35. Bf3 h5 36. Re1 Kh6 37. Kd3 g5 38. Rh1 h4 39. Re1 h3 40. Ra2 h2 41. Ke2 Bg3 42. Rh1 g4 43. Ke3 gxf3 44. gxf3 Re8+ 45. Kd3 Kg5 0-1

[Event "11th LCC FIDE Open 2019"]
[Site "London"]
[Date "2019.12.01"]
[Round "4.24"]
[White "Van Zyl-Rudd, Jack"]
[Black "Coote, Trevor D"]
[Result "1-0"]
[ECO "C11"]
[WhiteElo "2290"]
[BlackElo "2075"]
[Annotator "ChessBase"]
[PlyCount "81"]
[EventDate "2019.11.29"]
[EventType "swiss"]
[EventCountry "ENG"]
[SourceTitle "playchess.com"]
[Source "ChessBase"]
[SourceQuality "1"]
[TimeControl "40/5400+30:1800+30"]

1. e4 e6 2. d4 d5 3. Nc3 Nf6 4. e5 Nfd7 5. f4 c5 6. Nf3 Nc6 7. Be3 cxd4 8. Nxd4 Bc5 9. Qd2 Nxd4 10. Bxd4 O-O 11. O-O-O f6 12. exf6 Bxd4 13. Qxd4 Qxf6 14. g3 Qxd4 15. Rxd4 Nb8 16. Bh3 Nc6 17. Rd2 d4 18. Nb5 e5 19. Bxc8 Raxc8 20. fxe5 Nxe5 21. Nxd4 Rc4 22. b3 Rcc8 23. Re1 Rfe8 24. Ree2 a6 25. a4 Rc5 26. Kb2 b5 27. axb5 axb5 28. Nf3 Kf7 29. Nxe5+ Rcxe5 30. Rxe5 Rxe5 31. Kc3 Ke6 32. Kb4 g5 33. c4 bxc4 34. bxc4 Re1 35. c5 Rb1+ 36. Ka5 h5 37. c6 Rc1 38. Kb6 Rb1+ 39. Ka7 Ra1+ 40. Kb8 Rb1+ 41. Kc8 1-0

[Event "11th LCC FIDE Open 2019"]
[Site "London"]
[Date "2019.12.01"]
[Round "4.25"]
[White "Balaji, Aaravamudhan"]
[Black "Cumming, Rhys"]
[Result "1-0"]
[ECO "E60"]
[WhiteElo "2080"]
[BlackElo "2284"]
[Annotator "ChessBase"]
[PlyCount "73"]
[EventDate "2019.11.29"]
[EventType "swiss"]
[EventCountry "ENG"]
[SourceTitle "playchess.com"]
[Source "ChessBase"]
[SourceQuality "1"]
[TimeControl "40/5400+30:1800+30"]

1. d4 Nf6 2. c4 g6 3. f3 Nc6 4. d5 Ne5 5. e4 d6 6. Nc3 Bg7 7. Be3 c6 8. Qd2 b5 9. cxb5 cxd5 10. exd5 O-O 11. Rc1 Bb7 12. Nh3 Rc8 13. Rd1 e6 14. dxe6 Bxf3 15. exf7+ Rxf7 16. Ng5 Nfg4 17. Nxf7 Qh4+ 18. g3 Qe7 19. Nxe5 Qxe5 20. Be2 Bxh1 21. Bxg4 Rf8 22. Ke2 Bg2 23. Rg1 Bb7 24. Kd1 d5 25. Bf4 Qe7 26. Re1 Qc5 27. Qe3 d4 28. Qe7 Qxe7 29. Rxe7 dxc3 30. Rxb7 cxb2 31. Kc2 Kh8 32. Rb8 Rxb8 33. Bxb8 Bd4 34. a4 Kg7 35. a5 Kf6 36. Bxa7 Bxa7 37. b6 1-0

[Event "11th LCC FIDE Open 2019"]
[Site "London"]
[Date "2019.12.01"]
[Round "4.26"]
[White "Czerw, Dawid"]
[Black "Deaconu, Mihai-Ionut"]
[Result "1-0"]
[ECO "E97"]
[WhiteElo "2255"]
[BlackElo "1957"]
[Annotator "ChessBase"]
[PlyCount "67"]
[EventDate "2019.11.29"]
[EventType "swiss"]
[EventCountry "ENG"]
[SourceTitle "playchess.com"]
[Source "ChessBase"]
[SourceQuality "1"]
[TimeControl "40/5400+30:1800+30"]

1. d4 Nf6 2. c4 g6 3. Nc3 Bg7 4. e4 d6 5. Nf3 O-O 6. Be2 e5 7. O-O Nc6 8. d5 Ne7 9. b4 Nh5 10. c5 Nf4 11. Bxf4 exf4 12. Rc1 h6 13. h3 g5 14. Nd4 Kh8 15. Re1 c6 16. Nf3 dxc5 17. d6 cxb4 18. dxe7 Qxe7 19. Na4 Rd8 20. Qc2 b5 21. Nb2 Bc3 22. Red1 Re8 23. Rd3 Qxe4 24. Rxc3 bxc3 25. Qxc3+ Kg8 26. Bxb5 Bb7 27. Bd3 Qe6 28. Bc4 Qf5 29. Nd3 c5 30. Nde5 Re7 31. Nxf7 Rxf7 32. Ne5 Qe4 33. f3 Qh7 34. Nxf7 1-0

[Event "11th LCC FIDE Open 2019"]
[Site "London"]
[Date "2019.12.01"]
[Round "4.29"]
[White "Bradbury, Neil H"]
[Black "Orgler, Philipp"]
[Result "1-0"]
[ECO "D34"]
[WhiteElo "2326"]
[BlackElo "2047"]
[Annotator "ChessBase"]
[PlyCount "59"]
[EventDate "2019.11.29"]
[EventType "swiss"]
[EventCountry "ENG"]
[SourceTitle "playchess.com"]
[Source "ChessBase"]
[SourceQuality "1"]
[TimeControl "40/5400+30:1800+30"]

1. d4 d5 2. c4 e6 3. Nc3 c5 4. cxd5 exd5 5. Nf3 Nc6 6. g3 Nf6 7. Bg2 Be7 8. O-O O-O 9. dxc5 Bxc5 10. Bg5 d4 11. Bxf6 Qxf6 12. Nd5 Qd8 13. Nd2 Re8 14. Rc1 Bb6 15. Nb3 Bg4 16. Re1 Ba5 17. Nxa5 Qxa5 18. a3 Rad8 19. Nf4 Ne5 20. Be4 Ng6 21. Bxg6 hxg6 22. Nd3 Qh5 23. Qd2 b6 24. Nf4 Qh6 25. Rc7 g5 26. Nd3 Re6 27. f3 Bf5 28. Nf2 Qh5 29. g4 Qh4 30. gxf5 1-0

[Event "11th LCC FIDE Open 2019"]
[Site "London"]
[Date "2019.12.01"]
[Round "4.30"]
[White "Paterek, Michal"]
[Black "Vaddadi, Seshagiri"]
[Result "1-0"]
[ECO "D35"]
[WhiteElo "2317"]
[BlackElo "2042"]
[Annotator "ChessBase"]
[PlyCount "57"]
[EventDate "2019.11.29"]
[EventType "swiss"]
[EventCountry "ENG"]
[SourceTitle "playchess.com"]
[Source "ChessBase"]
[SourceQuality "1"]
[TimeControl "40/5400+30:1800+30"]

1. d4 d5 2. c4 e6 3. Nc3 Nf6 4. cxd5 exd5 5. Bg5 Be7 6. e3 h6 7. Bh4 O-O 8. Bd3 Nbd7 9. Nge2 c6 10. f3 c5 11. O-O Re8 12. Rc1 b6 13. Bb1 Bb7 14. Kh1 Nf8 15. Qd3 Ng6 16. Bf2 Rc8 17. Qd2 Bd6 18. Bf5 Ra8 19. Nb5 a6 20. Nxd6 Qxd6 21. dxc5 bxc5 22. Rfd1 Rad8 23. b3 Ne5 24. Qa5 g6 25. Bb1 d4 26. e4 Ned7 27. b4 cxb4 28. Rxd4 Qb6 29. Qxb6 1-0

[Event "11th LCC FIDE Open 2019"]
[Site "London"]
[Date "2019.12.01"]
[Round "4.32"]
[White "Ifalore, Michael"]
[Black "Stoyanov, Viktor"]
[Result "0-1"]
[ECO "B52"]
[WhiteElo "1989"]
[BlackElo "2272"]
[Annotator "ChessBase"]
[PlyCount "94"]
[EventDate "2019.11.29"]
[EventType "swiss"]
[EventCountry "ENG"]
[SourceTitle "playchess.com"]
[Source "ChessBase"]
[SourceQuality "1"]
[TimeControl "40/5400+30:1800+30"]

1. e4 c5 2. Nf3 d6 3. Bb5+ Bd7 4. Bxd7+ Qxd7 5. c4 Nc6 6. Nc3 Nf6 7. d4 cxd4 8. Nxd4 e6 9. O-O Be7 10. Be3 O-O 11. f3 Rfd8 12. Qe2 Rac8 13. Rac1 b6 14. Rfd1 Qb7 15. b3 Ne5 16. Kh1 Ng6 17. Bf2 h5 18. Qe3 h4 19. f4 Ng4 20. Qf3 Nxf2+ 21. Qxf2 Nf8 22. f5 Bf6 23. Rc2 h3 24. Rcd2 a6 25. Qg3 hxg2+ 26. Rxg2 Be5 27. Qg4 Qe7 28. Nce2 Bf6 29. Nf4 Bxd4 30. Rxd4 Qf6 31. Rd3 exf5 32. exf5 Re8 33. h3 Re1+ 34. Kh2 Qa1 35. Rf3 Rce8 36. Nh5 Rh1+ 37. Kg3 Qe1+ 38. Rff2 Re3+ 39. Kh4 Rexh3+ 40. Qxh3 Qe4+ 41. Rg4 Rxh3+ 42. Kxh3 Qh1+ 43. Rh2 Qf3+ 44. Kh4 Qxf5 45. Rxg7+ Kh8 46. Rg5 Ng6+ 47. Rxg6 fxg6 0-1

[Event "11th LCC FIDE Open 2019"]
[Site "London"]
[Date "2019.12.01"]
[Round "4.33"]
[White "McClement, Andrew"]
[Black "Penna, Tommaso"]
[Result "1-0"]
[ECO "B56"]
[WhiteElo "2226"]
[BlackElo "2007"]
[Annotator "ChessBase"]
[PlyCount "69"]
[EventDate "2019.11.29"]
[EventType "swiss"]
[EventCountry "ENG"]
[SourceTitle "playchess.com"]
[Source "ChessBase"]
[SourceQuality "1"]
[TimeControl "40/5400+30:1800+30"]

1. Nf3 c5 2. e4 Nc6 3. d4 cxd4 4. Nxd4 Nf6 5. Nc3 d6 6. Be3 e5 7. Nb3 Be7 8. f3 O-O 9. Qd2 a5 10. Bb5 Na7 11. Bd3 Be6 12. O-O-O Qb8 13. Kb1 Nc6 14. a4 Nb4 15. g4 d5 16. g5 d4 17. gxf6 Bxf6 18. Rhg1 dxc3 19. Qxc3 Rc8 20. Qd2 b5 21. axb5 Nxd3 22. Qxd3 Bc4 23. Qd6 Rd8 24. Qxb8 Rdxb8 25. b6 Bd8 26. Rd6 a4 27. Nd2 Bb5 28. c4 Be7 29. Rd5 Bc6 30. Rxe5 Bf6 31. Rf5 Kf8 32. Ka2 Bd7 33. Rxf6 gxf6 34. Bc5+ Ke8 35. Rg8# 1-0

[Event "11th LCC FIDE Open 2019"]
[Site "London"]
[Date "2019.12.01"]
[Round "4.34"]
[White "Nilssen, Ellen Fredericia"]
[Black "Akots, Gabor"]
[Result "1/2-1/2"]
[ECO "E91"]
[WhiteElo "2004"]
[BlackElo "2221"]
[Annotator "ChessBase"]
[PlyCount "79"]
[EventDate "2019.11.29"]
[EventType "swiss"]
[EventCountry "ENG"]
[SourceTitle "playchess.com"]
[Source "ChessBase"]
[SourceQuality "1"]
[TimeControl "40/5400+30:1800+30"]

1. d4 Nf6 2. c4 g6 3. Nc3 Bg7 4. e4 d6 5. Be2 O-O 6. Bg5 c6 7. Qd2 a6 8. Nf3 b5 9. a3 bxc4 10. Bxc4 d5 11. exd5 cxd5 12. Ba2 Be6 13. O-O Nbd7 14. Bh6 Nb6 15. Bxg7 Kxg7 16. Ne5 Qd6 17. Rac1 Nc4 18. Qe2 Qb6 19. Bxc4 dxc4 20. d5 Nxd5 21. Nxd5 Bxd5 22. Nd7 Qb7 23. Nxf8 Kxf8 24. f3 Rb8 25. Rfd1 e6 26. Rd2 f6 27. Rc3 Qb6+ 28. Qe3 Qxe3+ 29. Rxe3 Kf7 30. Kf2 Rb5 31. f4 h5 32. g3 Rb8 33. h3 h4 34. gxh4 Rh8 35. Kg3 Rh5 36. Rc3 Ke7 37. Rc1 a5 38. a4 Rh8 39. Rc3 f5 40. Rc1 1/2-1/2

[Event "11th LCC FIDE Open 2019"]
[Site "London"]
[Date "2019.12.01"]
[Round "4.35"]
[White "Manfay, Mate"]
[Black "Chapman, Matt"]
[Result "1/2-1/2"]
[ECO "A11"]
[WhiteElo "2197"]
[BlackElo "1937"]
[Annotator "ChessBase"]
[PlyCount "87"]
[EventDate "2019.11.29"]
[EventType "swiss"]
[EventCountry "ENG"]
[SourceTitle "playchess.com"]
[Source "ChessBase"]
[SourceQuality "1"]
[TimeControl "40/5400+30:1800+30"]

1. c4 c6 2. Nf3 d5 3. g3 Nf6 4. Bg2 Bf5 5. Qb3 Qb6 6. d3 e6 7. Be3 Qxb3 8. axb3 a6 9. Nh4 Bg6 10. h3 Nbd7 11. Nxg6 hxg6 12. d4 b5 13. cxb5 cxb5 14. Nc3 Bb4 15. O-O O-O 16. Rfc1 Rfc8 17. Kh2 Ne8 18. Bf4 Ndf6 19. Na2 Bf8 20. Bd2 Nd6 21. Ba5 Nde4 22. Be1 Be7 23. f3 Nd6 24. g4 a5 25. Rxc8+ Rxc8 26. Rc1 Rxc1 27. Nxc1 a4 28. bxa4 bxa4 29. Bb4 Kf8 30. b3 axb3 31. Nxb3 Nc4 32. Bxe7+ Kxe7 33. Kg1 Ne3 34. Kf2 Nxg2 35. Kxg2 g5 36. Nc5 Nh7 37. Nd3 Nf8 38. e3 f6 39. Kg3 Ng6 40. f4 Kd6 41. fxg5 fxg5 42. Ne1 Nh4 43. Nd3 Ng6 44. Ne1 1/2-1/2

[Event "11th LCC FIDE Open 2019"]
[Site "London"]
[Date "2019.12.01"]
[Round "4.39"]
[White "Lohia, Sohum"]
[Black "Osborne, Marcus E"]
[Result "0-1"]
[ECO "B52"]
[WhiteElo "1889"]
[BlackElo "2166"]
[Annotator "ChessBase"]
[PlyCount "62"]
[EventDate "2019.11.29"]
[EventType "swiss"]
[EventCountry "ENG"]
[SourceTitle "playchess.com"]
[Source "ChessBase"]
[SourceQuality "1"]
[TimeControl "40/5400+30:1800+30"]

1. e4 c5 2. Nf3 d6 3. Bb5+ Bd7 4. Bxd7+ Nxd7 5. O-O Ngf6 6. Qe2 e6 7. b3 Be7 8. Bb2 O-O 9. c4 Re8 10. d4 d5 11. cxd5 exd5 12. e5 Ne4 13. Nbd2 Nxd2 14. Qxd2 Rc8 15. Rac1 Qb6 16. Rfd1 Qa6 17. Bc3 b5 18. dxc5 Nxc5 19. Bb4 Ne4 20. Qxd5 Nxf2 21. Kxf2 Bxb4 22. Kg1 Rxc1 23. Rxc1 Qh6 24. Rf1 Qb6+ 25. Nd4 Rd8 26. Qxf7+ Kh8 27. Rf4 h6 28. Rg4 g5 29. Qe6 Rxd4 30. Qxb6 axb6 31. Rg3 Rd1+ 0-1

[Event "11th LCC FIDE Open 2019"]
[Site "London"]
[Date "2019.12.01"]
[Round "4.40"]
[White "Pasztor, Balazs"]
[Black "Jukes, Sam"]
[Result "1-0"]
[ECO "C55"]
[WhiteElo "2166"]
[BlackElo "1899"]
[Annotator "NA"]
[PlyCount "35"]
[EventDate "2019.11.29"]
[EventType "swiss"]
[EventCountry "ENG"]
[SourceTitle "playchess.com"]
[Source "ChessBase"]
[SourceQuality "1"]
[TimeControl "40/5400+30:1800+30"]

1. e4 e5 2. Nf3 Nc6 3. Bc4 Nf6 4. d3 h6 5. O-O d6 6. c3 g5 7. Bb3 g4 8. Ne1 Be7 9. f4 g3 10. h3 h5 11. Nf3 Be6 12. Ng5 d5 13. f5 Bc8 14. exd5 Nxd5 15. Nxf7 Kxf7 16. Qf3 Bc5+ 17. d4 exd4 18. Bxd5+ {[%emt 0:01:40] Bf8} 1-0

[Event "11th LCC FIDE Open 2019"]
[Site "London"]
[Date "2019.12.01"]
[Round "4.41"]
[White "Villiers, Thomas"]
[Black "Patel, Rishi"]
[Result "1-0"]
[ECO "A27"]
[WhiteElo "2145"]
[BlackElo "1891"]
[Annotator "NA"]
[PlyCount "73"]
[EventDate "2019.11.29"]
[EventType "swiss"]
[EventCountry "ENG"]
[SourceTitle "playchess.com"]
[Source "ChessBase"]
[SourceQuality "1"]
[TimeControl "40/5400+30:1800+30"]

1. c4 e5 2. Nc3 Bc5 3. Nf3 Nc6 4. e3 d6 5. d4 Bb6 6. b4 a6 7. Be2 Bd7 8. Nd5 Ba7 9. b5 e4 10. bxc6 bxc6 11. Nb4 a5 12. Nc2 exf3 13. Bxf3 Ne7 14. O-O O-O 15. e4 d5 16. c5 dxe4 17. Bxe4 Nd5 18. Ne3 Be6 19. Qd3 g6 20. Nc4 Nb4 21. Qc3 Nd5 22. Bxd5 cxd5 23. Nxa5 Qc8 24. Nc6 Qe8 25. Nxa7 Rxa7 26. Bh6 Qb5 27. Bxf8 Kxf8 28. Rfb1 Qc4 29. Qxc4 dxc4 30. a4 Ke7 31. a5 Bc8 32. d5 Bf5 33. Rb4 Bd3 34. f4 Kf6 35. Kf2 Kf5 36. Ke3 Ra8 37. Kd4 1-0

[Event "11th LCC FIDE Open 2019"]
[Site "London"]
[Date "2019.12.01"]
[Round "4.42"]
[White "Finn, Peter"]
[Black "Stanisz, Patryk"]
[Result "0-1"]
[ECO "B33"]
[WhiteElo "1895"]
[BlackElo "2139"]
[Annotator "ChessBase"]
[PlyCount "84"]
[EventDate "2019.11.29"]
[EventType "swiss"]
[EventCountry "ENG"]
[SourceTitle "playchess.com"]
[Source "ChessBase"]
[SourceQuality "1"]
[TimeControl "40/5400+30:1800+30"]

1. e4 c5 2. Nf3 Nc6 3. d4 cxd4 4. Nxd4 Nf6 5. Nc3 e5 6. Ndb5 d6 7. Bg5 a6 8. Na3 b5 9. Bxf6 gxf6 10. Nd5 Bg7 11. Bd3 Ne7 12. Nxe7 Qxe7 13. O-O O-O 14. c4 f5 15. Qf3 bxc4 16. Nxc4 d5 17. exd5 e4 18. Qe3 Qf6 19. Bc2 Bb7 20. Rad1 Rad8 21. d6 f4 22. Qh3 Qg5 23. d7 f5 24. Nd6 Rxd7 25. Qb3+ Kh8 26. Nxb7 f3 27. g3 Qg4 28. Kh1 Qh3 29. Rg1 Rf6 30. Qe3 Rxd1 31. Bxd1 Rh6 32. Qxh6 Bxh6 33. Nc5 e3 34. Nd3 e2 35. Bb3 Bd2 36. Bd5 e1=Q 37. Nxe1 Bxe1 38. Bxf3 Bxf2 39. Rg2 Bd4 40. Be2 a5 41. Bc4 Qh6 42. Rc2 Qc6+ 0-1

[Event "11th LCC FIDE Open 2019"]
[Site "London"]
[Date "2019.12.01"]
[Round "4.43"]
[White "Sedykh, Mikhail"]
[Black "Mugalu, Hassan"]
[Result "1-0"]
[ECO "E91"]
[WhiteElo "2134"]
[BlackElo "1836"]
[Annotator "NA"]
[PlyCount "49"]
[EventDate "2019.11.29"]
[EventType "swiss"]
[EventCountry "ENG"]
[SourceTitle "playchess.com"]
[Source "ChessBase"]
[SourceQuality "1"]
[TimeControl "40/5400+30:1800+30"]

1. d4 Nf6 2. c4 g6 3. Nc3 Bg7 4. e4 d6 5. Nf3 Nbd7 6. Be2 O-O 7. O-O c5 8. d5 Ng4 9. Ng5 Ndf6 10. h3 Ne5 11. f4 Ned7 12. Be3 h6 13. Nf3 Nh5 14. Kh2 a6 15. Qd2 Kh7 16. Bd3 Rg8 17. g4 Nhf6 18. e5 Ne8 19. e6 fxe6 20. Bxg6+ Kxg6 21. Qd3+ Kf7 22. dxe6+ Kf8 23. Qg6 Ne5 24. fxe5 Bxe6 25. Ng5+ {[%emt 0:23:43] Rh8} 1-0

[Event "11th LCC FIDE Open 2019"]
[Site "London"]
[Date "2019.12.01"]
[Round "4.45"]
[White "Davis, Holden"]
[Black "Bucher, Grant W"]
[Result "1/2-1/2"]
[ECO "C55"]
[WhiteElo "1840"]
[BlackElo "2121"]
[Annotator "ChessBase"]
[PlyCount "81"]
[EventDate "2019.11.29"]
[EventType "swiss"]
[EventCountry "ENG"]
[SourceTitle "playchess.com"]
[Source "ChessBase"]
[SourceQuality "1"]
[TimeControl "40/5400+30:1800+30"]

1. e4 e5 2. Nf3 Nc6 3. Bc4 Nf6 4. d3 Be7 5. O-O O-O 6. Re1 d6 7. a4 Na5 8. Ba2 c5 9. c3 Nc6 10. h3 h6 11. Na3 a6 12. Bd2 Re8 13. b4 Bf8 14. Qe2 cxb4 15. cxb4 d5 16. Nc2 Be6 17. b5 axb5 18. axb5 dxe4 19. dxe4 Rxa2 20. Rxa2 Bxa2 21. bxc6 bxc6 22. Nb4 Bxb4 23. Bxb4 Be6 24. Nxe5 Qd4 25. Nxc6 Qb6 26. Ne7+ Kh8 27. Qd2 Qb7 28. e5 Nd5 29. Nxd5 Qxd5 30. Qxd5 Bxd5 31. Kh2 Rb8 32. Bc3 Rc8 33. Re3 Be6 34. f4 Rc4 35. Kg3 Kh7 36. Kf3 Bd5+ 37. Kg3 Be6 38. Rf3 Bd5 39. Rd3 Be4 40. Re3 Kg6 41. Kf2 1/2-1/2

[Event "11th LCC FIDE Open 2019"]
[Site "London"]
[Date "2019.12.01"]
[Round "4.48"]
[White "Marusenko, Petr"]
[Black "Gilmore, Samuel"]
[Result "1-0"]
[ECO "B18"]
[WhiteElo "2085"]
[BlackElo "1757"]
[Annotator "NA"]
[PlyCount "39"]
[EventDate "2019.11.29"]
[EventType "swiss"]
[EventCountry "ENG"]
[SourceTitle "playchess.com"]
[Source "ChessBase"]
[SourceQuality "1"]
[TimeControl "40/5400+30:1800+30"]

1. e4 c6 2. d4 d5 3. Nc3 dxe4 4. Nxe4 Bf5 5. Ng3 Bg6 6. N1e2 e6 7. h4 h6 8. Nf4 Bh7 9. Bc4 Nf6 10. O-O Nd5 11. Re1 Nxf4 12. Bxf4 Qxh4 13. Qf3 Be7 14. Nh5 O-O 15. Be5 Nd7 16. Bxg7 Rfd8 17. Rxe6 Nb6 18. Re4 Nxc4 19. Rxh4 Bxh4 20. Bf6 1-0

[Event "11th LCC FIDE Open 2019"]
[Site "London"]
[Date "2019.12.01"]
[Round "4.49"]
[White "Tombolis, Christopher"]
[Black "Semprun Martinez, Fernando"]
[Result "0-1"]
[ECO "A58"]
[WhiteElo "1824"]
[BlackElo "2071"]
[Annotator "NA"]
[PlyCount "88"]
[EventDate "2019.11.29"]
[EventType "swiss"]
[EventCountry "ENG"]
[SourceTitle "playchess.com"]
[Source "ChessBase"]
[SourceQuality "1"]
[TimeControl "40/5400+30:1800+30"]

1. d4 Nf6 2. c4 c5 3. d5 b5 4. cxb5 a6 5. bxa6 g6 6. Nc3 Bg7 7. Nf3 O-O 8. g3 d6 9. Bg2 Nbd7 10. O-O Nb6 11. Nd2 Bxa6 12. Qc2 Nfd7 13. b3 Bxe2 14. Re1 Bg4 15. Bb2 Bf5 16. Nde4 Nf6 17. Nxf6+ Bxf6 18. Be4 Bxe4 19. Qxe4 Ra6 20. a4 Qa8 21. Rad1 Rc8 22. Qf3 Qb7 23. Ba1 Nd7 24. Nb5 Bxa1 25. Rxa1 Ne5 26. Qd1 c4 27. Re3 Rc5 28. bxc4 Nxc4 29. Rc3 Nb2 30. Qc2 Rxc3 31. Nxc3 Nc4 32. Rb1 Rb6 33. Rxb6 Qxb6 34. Qe4 Qb3 35. Qd4 Ne5 36. Kg2 Qa3 37. h3 h5 38. Qe3 Kg7 39. Qd4 f6 40. Qe3 Qb4 41. Kh2 h4 42. g4 g5 43. Ne2 Qxa4 44. Nd4 Qxd4 0-1

[Event "11th LCC FIDE Open 2019"]
[Site "London"]
[Date "2019.12.01"]
[Round "4.50"]
[White "Ahn, Sungmin"]
[Black "Wilks, Simon"]
[Result "1-0"]
[ECO "C04"]
[WhiteElo "1780"]
[BlackElo "2071"]
[Annotator "NA RC"]
[PlyCount "101"]
[EventDate "2019.11.29"]
[EventType "swiss"]
[EventCountry "ENG"]
[SourceTitle "playchess.com"]
[Source "ChessBase"]
[SourceQuality "1"]
[TimeControl "40/5400+30:1800+30"]

1. e4 e6 2. d4 d5 3. Nd2 Nc6 4. Ngf3 Nf6 5. e5 Nd7 6. Bd3 f6 7. Ng5 Ndxe5 8. dxe5 fxg5 9. Qh5+ Kd7 10. Nf3 g6 11. Qg4 Nb4 12. Bxg5 Nxd3+ 13. cxd3 Be7 14. Rc1 c6 15. O-O Qf8 16. Nd4 Bxg5 17. Qxg5 Qe7 18. Qd2 Ke8 19. b4 Bd7 20. Rc2 Kf7 21. Nb3 Kg7 22. d4 Rhf8 23. a3 Rad8 24. Rc3 Rf5 25. Rh3 Rdf8 26. Nc5 Bc8 27. Nd3 b6 28. Rc1 Ba6 29. f3 Bc4 30. Nf2 Qg5 31. Qxg5 Rxg5 32. Ng4 Rf4 33. Rd1 h5 34. Nf6 Be2 35. Rd2 Bxf3 36. Rg3 Rff5 37. gxf3 Rxg3+ 38. hxg3 Rxf3 39. Kg2 Rxa3 40. Rc2 Rb3 41. Rxc6 Rxb4 42. Rxe6 Kf7 43. Rd6 Rxd4 44. Nxd5 Re4 45. Rf6+ Ke8 46. e6 Re5 47. Nf4 Rf5 48. Rxg6 h4 49. Rg7 Rf6 50. Rxa7 hxg3 51. Ra8+ 1-0

[Event "11th LCC FIDE Open 2019"]
[Site "London"]
[Date "2019.12.01"]
[Round "4.51"]
[White "Chilton, James I"]
[Black "Grigoryan, Meri"]
[Result "1/2-1/2"]
[ECO "B01"]
[WhiteElo "1711"]
[BlackElo "2050"]
[Annotator "NA"]
[PlyCount "85"]
[EventDate "2019.11.29"]
[EventType "swiss"]
[EventCountry "ENG"]
[SourceTitle "playchess.com"]
[Source "ChessBase"]
[SourceQuality "1"]
[TimeControl "40/5400+30:1800+30"]

1. e4 d5 2. exd5 Qxd5 3. Nc3 Qd6 4. d4 Nf6 5. Nf3 a6 6. Bd3 b5 7. O-O Bb7 8. Re1 Nbd7 9. Ne4 Qb6 10. Bf4 e6 11. c3 Nxe4 12. Bxe4 Bxe4 13. Rxe4 Nf6 14. Re2 Be7 15. a4 O-O 16. a5 Qb7 17. Qc2 c5 18. Rd1 cxd4 19. Rxd4 Rfd8 20. Red2 Rxd4 21. Rxd4 Rd8 22. Qd3 Rxd4 23. Qxd4 Qd5 24. h3 Bc5 25. Qe5 Qxe5 26. Nxe5 Nd5 27. Nd7 Ba7 28. Bd6 f6 29. Bc5 Bxc5 30. Nxc5 Nc7 31. b4 Kf7 32. Kf1 Ke7 33. Ke2 Kd6 34. Kd3 Kd5 35. f3 h5 36. g3 e5 37. g4 hxg4 38. hxg4 g6 39. Nd7 Ke6 40. Nc5+ Kd5 41. Nd7 Ke6 42. Nc5+ Kd5 43. Nd7 {[%emt 0:00:04] Ke4+ Kxe4} 1/2-1/2

[Event "11th LCC FIDE Open 2019"]
[Site "London"]
[Date "2019.12.01"]
[Round "4.52"]
[White "Phillips, Owen S"]
[Black "Cordes, Hans-Joerg"]
[Result "0-1"]
[ECO "A01"]
[WhiteElo "1902"]
[BlackElo "2188"]
[Annotator "ChessBase"]
[PlyCount "102"]
[EventDate "2019.11.29"]
[EventType "swiss"]
[EventCountry "ENG"]
[SourceTitle "playchess.com"]
[Source "ChessBase"]
[SourceQuality "1"]
[TimeControl "40/5400+30:1800+30"]

1. b3 Nf6 2. Bb2 g6 3. g3 Bg7 4. Bg2 O-O 5. e4 d6 6. d3 e5 7. Nd2 Nc6 8. Ne2 d5 9. O-O Be6 10. h3 Qd7 11. Kh2 Rad8 12. exd5 Bxd5 13. Ne4 Nxe4 14. dxe4 Be6 15. Ba3 Rfe8 16. Qxd7 Rxd7 17. Rad1 Red8 18. Rxd7 Rxd7 19. Bc1 Nb4 20. f4 f6 21. f5 Bf7 22. Nc3 Nxc2 23. g4 g5 24. Rf2 Nb4 25. Bf1 c6 26. Be3 b5 27. a3 Nd3 28. Rd2 Nc5 29. Rxd7 Nxd7 30. Nxb5 cxb5 31. Bxb5 Nb6 32. a4 Bxb3 33. a5 Nc4 34. Bxa7 Nxa5 35. Bd7 Bf8 36. Kg3 Bb4 37. Bf2 Kf7 38. h4 h6 39. h5 Ke7 40. Bb5 Nc4 41. Bxc4 Bxc4 42. Bb6 Kd7 43. Kf3 Bb3 44. Ke2 Bc2 45. Kf3 Bd1+ 46. Kg3 Be1+ 47. Kh3 Bf3 48. Bc5 Ke8 49. Be3 Bxe4 50. Kh2 Bf3 51. Kh3 Bb4 0-1

[Event "11th LCC FIDE Open 2019"]
[Site "London"]
[Date "2019.12.01"]
[Round "4.53"]
[White "Brozel, Sacha"]
[Black "Hughes, Anthony"]
[Result "1/2-1/2"]
[ECO "A99"]
[WhiteElo "2188"]
[BlackElo "1874"]
[Annotator "ChessBase"]
[PlyCount "74"]
[EventDate "2019.11.29"]
[EventType "swiss"]
[EventCountry "ENG"]
[SourceTitle "playchess.com"]
[Source "ChessBase"]
[SourceQuality "1"]
[TimeControl "40/5400+30:1800+30"]

1. Nf3 f5 2. g3 Nf6 3. Bg2 d6 4. d4 e6 5. O-O Be7 6. c4 O-O 7. b3 a5 8. Nc3 Qe8 9. Qc2 Nc6 10. a3 e5 11. d5 Nd8 12. e4 Nxe4 13. Nxe4 fxe4 14. Nd2 e3 15. fxe3 Rxf1+ 16. Bxf1 Qh5 17. Ne4 Nf7 18. Be2 Bg4 19. Bxg4 Qxg4 20. Bd2 b6 21. Rf1 Rf8 22. Kg2 Ng5 23. Rxf8+ Kxf8 24. Nxg5 Bxg5 25. Bc1 g6 26. h3 Qf5 27. e4 Qf6 28. h4 Bxc1 29. Qxc1 Kg7 30. b4 axb4 31. axb4 h6 32. Qa3 g5 33. h5 g4 34. c5 bxc5 35. bxc5 dxc5 36. Qxc5 Qf3+ 37. Kh2 Qe2+ {[%emt 0:04:45] Qa7} 1/2-1/2

[Event "11th LCC FIDE Open 2019"]
[Site "London"]
[Date "2019.12.02"]
[Round "5.1"]
[White "Praggnanandhaa, R."]
[Black "Smirnov, Anton"]
[Result "1/2-1/2"]
[ECO "C42"]
[WhiteElo "2586"]
[BlackElo "2573"]
[Annotator "ChessBase"]
[PlyCount "33"]
[EventDate "2019.11.29"]
[EventType "swiss"]
[EventCountry "ENG"]
[SourceTitle "playchess.com"]
[Source "ChessBase"]
[SourceQuality "1"]
[TimeControl "40/5400+30:1800+30"]

1. e4 e5 2. Nf3 Nf6 3. Nxe5 d6 4. Nf3 Nxe4 5. Nc3 Nxc3 6. dxc3 Be7 7. Be3 O-O 8. Qd2 Nd7 9. O-O-O c6 10. Kb1 d5 11. h4 Bc5 12. Bg5 f6 13. Bf4 Ne5 14. Re1 Nxf3 15. gxf3 Bf5 16. Bd3 Qd7 17. Be3 1/2-1/2